 Dungeon Crawl Stone Soup version 0.26-a0-1222-g14533b3512 (webtiles) character file.

Game seed: 7047025885580475394

147 knot the Chopper (level 5, 32/61 HPs)
             Began as a Demonspawn Berserker on Dec 31, 2020.
             Was a Believer of Trog.
             Quit the game on level 3 of the Dungeon.
             The game lasted 00:02:05 (2997 turns).

knot the Chopper (Demonspawn Berserker)             Turns: 2997, Time: 00:02:06

Health: 32/61      AC: 13    Str: 18    XL:     5   Next: 7%
Magic:  5/5        EV: 11    Int:  9    God:    Trog [**....]
Gold:   140        SH:  0    Dex: 12    Spells: 4/4 levels left

rFire    . . .     SeeInvis .   a - +0 hand axe
rCold    . . .     Faith    +   (no shield)
rNeg     . . .     Spirit   .   g - +1 ring mail {rPois}
rPois    +         Reflect  .   (no helmet)
rElec    .         Harm     .   k - +0 cloak
rCorr    .         Rampage  .   (no gloves)
Will     .....                  (no boots)
Stlth    ..........             l - amulet of faith
HPRegen  1.20/turn              (no ring)
MPRegen  0.09/turn              (no ring)

@: berserking, sanguine armour, very quick
A: hooves 1, powered by death 1, sanguine armour 1
a: Renounce Religion, Berserk, Trog's Hand


You were on level 3 of the Dungeon.
You worshipped Trog.
Trog was pleased with you.
You visited 1 branch of the dungeon, and saw 3 of its levels.

You collected 140 gold pieces.

Inventory:

Hand Weapons
 a - a +0 hand axe (weapon)
Missiles
 n - 14 poisoned darts
Armour
 g - a +1 ring mail of poison resistance (worn)
 k - a +0 cloak (worn)
Jewellery
 l - an amulet of faith (around neck)
Scrolls
 b - a scroll of magic mapping {unknown}
 d - 2 scrolls of amnesia {unknown}
 f - 2 scrolls of teleportation {unknown}
 i - 4 scrolls of remove curse {unknown}
 j - 2 scrolls of blinking {unknown}
 o - a scroll of noise {unknown}
Potions
 c - a potion of ambrosia {unknown}
 e - 2 potions of flight {unknown}
 h - a potion of lignification {unknown}
 m - a potion of heal wounds {unknown}


   Skills:
 - Level 3.0 Fighting
 + Level 5.3 Axes
 - Level 1.7 Armour
 - Level 1.7 Dodging


You had 4 spell levels left.
You didn't know any spells.
Your spell library was empty.

Dungeon Overview and Level Annotations

Branches:
Dungeon (3/15)

Altars:

Annotations:
D:3 2 transporters, biomisha's ghost, weakling DEFE


Innate Abilities, Weirdness & Mutations

You have large cloven feet.
You regenerate a little health from kills.
When seriously injured, your bleeding wounds create armour. (AC +6)


Message History

The orc priest hits you but does no damage.
You closely miss the orc priest.
The orc priest is moderately wounded.
The orc priest completely misses you.
A red film seems to cover your vision as you go berserk!
You feel yourself moving faster!
You feel mighty! The orc priest barely misses you.
You barely miss the orc priest.
The orc priest is moderately wounded.
You slash the orc priest!
The orc priest is severely wounded.
The orc priest invokes the aid of Beogh against you.
Pain shoots through your body!
You slash the orc priest!
You kill the orc priest!
Trog accepts your kill.
You have reached level 5!
Your demonic ancestry asserts itself...
Your feet thicken and deform.
Are you sure you want to abandon this character and quit the game? (Confirm with "yes".)

# ## .##
.###...
)...(#
#####.....
..###.......#
.......[)..#
#...@)..#
#...)...#
#.......#
#.###.### #$#
.# #.# .# #.#
.# #.# .#
#.###+####


There were no monsters in sight!

Vanquished Creatures
  An orc priest (D:3)
  4 adders
  3 worms (D:2)
  2 dart slugs
  2 leopard geckos (D:2)
  3 orcs (D:3)
  A ball python (D:1)
  7 bats
  3 giant cockroaches
  8 goblins
  3 hobgoblins
  10 jackals
  4 frilled lizards
  3 kobolds
  9 rats
63 creatures vanquished.

Notes
Turn   | Place    | Note
-------+----------+-------------------------------------------
     0 | D:1      | knot the Demonspawn Berserker began the quest for the Orb.
     0 | D:1      | Reached XP level 1. HP: 18/18 MP: 1/1
   358 | D:1      | Reached skill level 3 in Axes
   629 | D:1      | Gained mutation: When seriously injured, your bleeding
                  | wounds create armour. (AC +6) [demonic ancestry]
   629 | D:1      | Reached XP level 2. HP: 23/24 MP: 2/2
  1385 | D:2      | Gained mutation: You regenerate a little health from kills.
                  | [demonic ancestry]
  1385 | D:2      | Reached XP level 3. HP: 29/29 MP: 3/3
  1401 | D:2      | Reached skill level 4 in Axes
  1726 | D:2      | Reached ** piety under Trog
  2056 | D:2      | Reached XP level 4. HP: 35/35 MP: 4/4
  2740 | D:3      | Found a transporter.
  2740 | D:3      | Noticed biomisha's ghost (weakling DEFE)
  2754 | D:3      | Found a transporter.
  2954 | D:3      | Reached skill level 5 in Axes
  2997 | D:3      | Gained mutation: You have large cloven feet. [demonic
                  | ancestry]
  2997 | D:3      | Reached XP level 5. HP: 32/41 MP: 5/5
  2997 | D:3      | Quit the game

Illustrated notes

Levels and vault maps discovered:
D:1:      minmay_arrival_four_circles, layout_basic
D:2:      layout_loops_ring
D:3:      minmay_chambers_of_twos, layout_basic, gammafunk_ghost_arena,
          uniq_crazy_yiuf_cottage

Skill      XL: |  1  2  3  4 |
---------------+-------------+-----
Axes           | 3 4 5 |  5.3
Fighting       | |  3.0
Armour         | |  1.7
Dodging        | |  1.7

Action                   |  1- 3 |  4- 6 || total
-------------------------+-------+-------++-------
Melee: Hand axe          |   141 |    82 ||   223
Invok: Berserk           |     3 |     2 ||     5
Armor: Animal skin       |    12 |       ||    12
       Ring mail         |    51 |    33 ||    84
Dodge: Dodged            |    94 |    50 ||   144

Table legend: (Time is in decaauts)
 A = Elapsed time spent in this place.
 B = Non-inter-level travel time spent in this place.
 C = Inter-level travel time spent in this place.
 D = Time resting spent in this place.
 E = Time spent auto-exploring this place.
 F = Levels seen in this place.
 G = Mean time per level.
                   A        B        C        D        E       F      G
               +--------+--------+--------+--------+--------+-----+--------+
         Total |   3053 |   3012 |     41 |    882 |   1703 |   3 | 1017.7 |
       Dungeon |   3053 |   3012 |     41 |    882 |   1703 |   3 | 1017.7 |
               +--------+--------+--------+--------+--------+-----+--------+

Top non-repeatable levels by time:
     D:2: 1429 daAuts
     D:1: 1333 daAuts
     D:3: 291 daAuts
